AoeStats
← ska_18

Fortress

508472359Analyzed
3v3 RM · 9d ago on Sep 22, 2026· 40m 9s· 6 players
Game mode
Random Map
Map size
Large (8 player)
Population
200
Speed
Normal
Resources
Standard
Victory
Conquest
Starting age
Dark Age
Ending age
Imperial Age
RankedLock teamsTeams togetherTeam positionsShared explorationLock speedFull tech treeHidden civsTurbo modeCheats
Victory
Defeat
🇦🇹 Saxons · Austria
995
+9
🇦🇹 Saracens · Austria
911
+12
🇦🇹 Danes · Austria
855
+15
🇪🇸 Persians · Spain
856
-13
🇪🇸 Britons · Spain
837
-12
🇪🇸 Hindustanis · Spain
793
-19
RaiserGL
5:01 Loom
8:06 Feudal Age
8:49 Horse Collar
8:55 Double-Bit Axe
13:51 Castle Age
13:38 Wheelbarrow
15:27 Bow Saw
15:21 Heavy Plow
18:19 Hand Cart
18:37 Scale Barding Armor
19:22 Gold Mining
22:39 Bloodlines
22:33 Husbandry
22:53 Caravan
23:31 Caravan
24:47 Grand Trunk Road
25:47 Town Watch
26:18 Forging
31:27 Elite Skirmisher
32:50 Gold Shaft Mining
32:09 Stone Mining
34:04 Stone Shaft Mining
37:09 Imperial Age
34:41 Town Patrol
34:53 Murder Holes
35:11 Fortified Wall
36:30 Iron Casting
36:16 Chain Barding Armor
35:58 Padded Archer Armor
35:59 Scale Mail Armor
35:38 Pikeman
38:41 Shatagni
38:03 Elite Ghulam
Riky
0:47 Loom
9:24 Feudal Age
13:31 Castle Age
12:07 Wheelbarrow
11:35 Double-Bit Axe
12:19 Horse Collar
12:31 Town Watch
18:02 Gold Mining
19:12 Heavy Plow
20:10 Padded Archer Armor
22:27 Bow Saw
22:10 Stone Mining
23:41 Hand Cart
26:27 Imperial Age
24:03 Fletching
24:41 Bodkin Arrow
25:27 Hand Cart
24:41 Crossbowman
27:04 Leather Archer Armor
27:47 Arbalester
28:39 Town Patrol
29:22 Gold Shaft Mining
30:49 Ballistics
31:29 Chemistry
31:05 Ring Archer Armor
30:37 Bracer
34:54 Elite Longbowman
36:10 Conscription
xDakaaH
0:59 Loom
7:45 Feudal Age
12:21 Castle Age
10:22 Horse Collar
10:29 Double-Bit Axe
11:51 Gold Mining
15:51 Wheelbarrow
16:24 Heavy Plow
18:42 Hand Cart
18:56 Bow Saw
19:49 Stone Mining
20:36 Gold Shaft Mining
22:47 Stone Shaft Mining
27:40 Imperial Age
25:42 Bloodlines
25:40 Scale Barding Armor
25:45 Forging
25:26 Fletching
26:37 Husbandry
27:21 Chain Barding Armor
27:25 Cavalier
27:37 Cavalier
28:55 Iron Casting
29:40 Plate Barding Armor
29:32 Conscription
29:58 Savar
31:56 Kamandaran
33:47 Blast Furnace
33:58 Crossbowman
34:45 Thumb Ring
34:38 Bodkin Arrow
34:44 Padded Archer Armor
ska_18
8:06 Feudal Age
13:06 Castle Age
10:51 Loom
11:30 Double-Bit Axe
11:36 Horse Collar
16:35 Wheelbarrow
17:01 Bow Saw
16:37 Town Watch
18:55 Gold Mining
19:40 Hand Cart
19:56 Stone Mining
20:12 Heavy Plow
22:39 Gold Shaft Mining
22:48 Scale Barding Armor
22:53 Forging
28:32 Imperial Age
28:26 Fortified Wall
29:07 Masonry
29:34 Iron Casting
29:20 Chain Barding Armor
28:50 Fletching
29:12 Caravan
29:42 Coinage
30:15 Chemistry
29:28 Bloodlines
29:18 Husbandry
30:11 Conscription
30:50 Fervor
31:01 Sanctity
31:13 Town Patrol
31:31 Husbandry
31:33 Elite Mameluke
34:11 Two-Man Saw
34:56 Plate Barding Armor
35:22 Blast Furnace
34:17 Bodkin Arrow
33:56 Light Cavalry
35:02 Ballistics
35:42 Hoardings
35:35 Murder Holes
39:14 Hussar
smake
6:54 Feudal Age
12:56 Castle Age
11:09 Double-Bit Axe
11:26 Horse Collar
14:38 Bow Saw
14:57 Heavy Plow
17:09 Gold Mining
17:10 Stone Mining
19:13 Loom
20:44 Wheelbarrow
22:16 Hand Cart
23:22 Town Watch
26:31 Town Patrol
29:15 Imperial Age
27:57 Fletching
28:08 Padded Archer Armor
28:19 Scale Barding Armor
28:43 Ballistics
28:14 Heated Shot
28:20 Murder Holes
28:39 Caravan
29:44 Bodkin Arrow
30:05 Leather Archer Armor
29:22 Cranequins
29:59 Elite Hearth Troop
30:21 Heavy Mounted Crossbowman
32:50 Siege Engineers
34:09 Chemistry
36:31 Hoardings
37:02 Guilds
37:20 Masonry
36:51 Treadmill Crane
38:05 Bloodlines
37:56 Husbandry
37:17 Light Cavalry
38:08 Scale Mail Armor
38:19 Forging
37:59 Arson
39:07 Elite Skirmisher
sebastianbecker1
0:31 Loom
9:21 Feudal Age
9:50 Double-Bit Axe
9:56 Horse Collar
12:26 Gold Mining
12:53 Town Watch
15:19 Castle Age
13:15 Arson
14:05 Scale Mail Armor
14:16 Forging
15:29 Fletching
16:45 Wheelbarrow
16:24 Bow Saw
16:57 Squires
16:43 Gambesons
18:05 Heavy Plow
19:16 Chain Mail Armor
20:50 Iron Casting
31:34 Imperial Age
30:03 Hand Cart
30:57 Pikeman
31:43 Halberdier
33:48 Siege Engineers
34:40 Onager
36:28 Plate Mail Armor
37:38 Siege Onager
40:09 Blast Furnace
39:06 Bodkin Arrow
39:57 Gold Shaft Mining
Connection lost

Rejoining the realm…

Still unreachable

The connection could not be restored.

Session expired

The server has moved on; the page needs a fresh start.